 Dungeon Crawl Stone Soup version 0.30-a0-916-g98134172ad (webtiles) character file.

Game seed: 4800194675293072286

414 112233 the Magician (level 6, 0/41 HPs)
             Began as a Demonspawn Fire Elementalist on Mar 20, 2023.
             Succumbed to a water moccasin's poison
             ... on level 7 of the Dungeon.
             The game lasted 00:06:16 (6488 turns).

112233 the Magician (Demonspawn Fire Elementalist)  Turns: 6488, Time: 00:06:17

Health: 0/41       AC:  4    Str:  7 (9)  XL:     6   Next: 60%
Magic:  5/15       EV: 12    Int: 15 (18) God:
Gold:   263        SH:  0    Dex: 13      Spells: 11/17 levels left

rFire   . . .      SeeInvis +    o - +2 spear (heavy)
rCold   . . .      Faith    .    (no shield)
rNeg    . . .      Spirit   +    a - +0 robe
rPois   .          Reflect  .    (no helmet)
rElec   .          Rampage  .    (no cloak)
rCorr   .                        (no gloves)
Will    .....                    (no boots)
Stlth   ++                       i - amulet of guardian spirit
HPRegen 0.26/turn                q - ring of see invisible
MPRegen 0.14/turn                (no ring)

@: lethally poisoned (0 -> -4), hasted, very quick
A: molten scales 1, powered by death 1
a: no special abilities


You were on level 7 of the Dungeon.
You visited 1 branch of the dungeon, and saw 7 of its levels.

You collected 263 gold pieces.

Inventory:

Hand Weapons
 o - a +2 heavy spear (weapon)
Armour
 a - a +0 robe (worn)
 f - a +0 kite shield
Magical Staves
 e - a staff of earth
 p - a staff of cold
Jewellery
 g - a ring of ice
 i - an amulet of guardian spirit (around neck)
 q - a ring of see invisible (left hand)
Wands
 d - a wand of charming (1)
Scrolls
 b - a scroll of torment
 c - a scroll of teleportation
 h - 5 scrolls of identify
 l - 2 scrolls of silence
 r - a scroll of butterflies
 s - a scroll of amnesia
Potions
 j - 2 potions of brilliance


   Skills:
 - Level 1.9 Dodging
 - Level 2.0 Stealth
 + Level 6.3 Spellcasting
 - Level 1.2 Conjurations
 - Level 2.8 Fire Magic


You had 11 spell levels left.
You knew the following spells:

 Your Spells              Type           Power      Damage    Failure   Level
a - Foxfire               Conj/Fire      40%        2x1d6     6%          1
b - Scorch                Fire           26%        2d6       7%          2
c - Kindle Blastsparks    Fire/Tloc/Air  14%        2d11      28%         3

Your spell library contained the following spells:

 Spells                   Type           Power      Damage    Failure   Level
 Slow                     Hex            16%        N/A       14%         1
 Momentum Strike          Conj/Tloc      12%        3d8       17%         2
 Blink                    Tloc           8%         N/A       22%         2
 Call Imp                 Summ           4%         N/A       22%         2
 Lesser Beckoning         Tloc           8%         N/A       22%         2
 Inner Flame              Hex/Fire       9%         N/A       24%         3
 Confusing Touch          Hex            4%         N/A       38%         3
 Vampiric Draining        Necr           4%         2d6       38%         3
 Flame Wave               Conj/Fire      10%        2d6       52%         4


Dungeon Overview and Level Annotations

Branches:
Dungeon (7/15)
 Temple: D:4-7

Altars:
Sif Muna

Annotations:
D:4 3 runed translucent doors, Duvessa; FlurksSlurper's ghost, amateur DsGl; Ijustatesigmund's ghost, amateur GnFE; Mlamla's ghost, amateur MeFi; MrShunz's ghost, novice VSBr; idzol's ghost, amateur HuBe
D:7 exclusion: upstairs


Innate Abilities, Weirdness & Mutations

You are partially covered in molten scales. (AC +2)
You regenerate a little health from kills.


Message History

You feel yourself speed up.
You feel very sick.
The water moccasin bites you but does no damage. x2
The orc barely misses you.
Unknown command.
You puncture the orc!
You kill the orc!
You feel sick. The water moccasin bites you.
You are lethally poisoned!
The water moccasin poisons you!
Unknown command.
You feel very sick.
Things that are here:
a +0 mace; an orc corpse Unknown command.
* * * LOW HITPOINT WARNING * * *
You feel very sick.
The water moccasin is no longer more vulnerable to fire.
Unknown command.
Your surroundings suddenly seem different.
Found a scroll of teleportation.
* * * LOW HITPOINT WARNING * * *
You feel very sick.
There is a lethal amount of poison in your body!
There is a lethal amount of poison in your body!
Okay, then.
* * * LOW HITPOINT WARNING * * *
You feel sick.
* * * LOW HITPOINT WARNING * * *
You feel sick.
* * * LOW HITPOINT WARNING * * *
You feel sick.
Unknown command.
* * * LOW HITPOINT WARNING * * *
You feel sick.
* * * LOW HITPOINT WARNING * * *
You feel sick.
* * * LOW HITPOINT WARNING * * *
You feel sick.
You die...

#########
#.......#
#.......#
#.......#
#.......#
+@..?.....
#.........
######....
.... ...
.. #.#. h#


There were no monsters in sight!

Vanquished Creatures
  An orc priest (D:2)
  3 hounds
  2 jellies
  An iguana (D:6)
  2 orc wizards (D:6)
  Robin (D:2)
  2 adders
  An ufetubus (D:4)
  A worm (D:3)
  3 dart slugs
  5 orcs
  7 endoplasms
  3 giant cockroaches
  11 goblins
  14 hobgoblins
  7 jackals
  6 kobolds
  7 quokkas
  8 ball pythons
  7 bats
  3 frilled lizards
  7 rats
102 creatures vanquished.

Vanquished Creatures (collateral kills)
  14 foxfires (D:2)
14 creatures vanquished.

Vanquished Creatures (others)
  Dowan (D:4)
  An orc wizard (D:7)
  333 foxfires
  23 plants (D:2)
358 creatures vanquished.

Grand Total: 474 creatures vanquished

Notes
Turn   | Place    | Note
-------+----------+-------------------------------------------
     0 | D:1      | 112233 the Demonspawn Fire Elementalist began the quest for
                  | the Orb.
     0 | D:1      | Reached XP level 1. HP: 13/13 MP: 3/3
   355 | D:1      | Gained mutation: You are partially covered in molten
                  | scales. (AC +2) [demonic ancestry]
   355 | D:1      | Reached XP level 2. HP: 19/19 MP: 0/5
   584 | D:1      | Found a faded altar of an unknown god.
  1462 | D:1      | Reached XP level 3. HP: 24/24 MP: 5/7
  1662 | D:2      | Reached skill level 3 in Spellcasting
  1667 | D:2      | Learned a level 2 spell: Scorch
  1933 | D:2      | Reached XP level 4. HP: 30/30 MP: 3/9
  2006 | D:2      | Noticed Robin
  2021 | D:2      | Killed Robin
  2025 | D:2      | Reached skill level 4 in Spellcasting
  3671 | D:3      | Gained mutation: You regenerate a little health from kills.
                  | [demonic ancestry]
  3671 | D:3      | Reached XP level 5. HP: 35/35 MP: 7/11
  4033 | D:3      | Learned a level 3 spell: Kindle Blastsparks
  4323 | D:3      | Reached skill level 5 in Spellcasting
  4729 | D:4      | Noticed Mlamla's ghost (amateur MeFi)
  4729 | D:4      | Noticed FlurksSlurper's ghost (amateur DsGl)
  4729 | D:4      | Found a runed translucent gate.
  4729 | D:4      | Found a runed translucent gate.
  4729 | D:4      | Found a runed translucent gate.
  4730 | D:4      | Noticed MrShunz's ghost (novice VSBr)
  4731 | D:4      | Noticed Ijustatesigmund's ghost (amateur GnFE)
  4731 | D:4      | Noticed idzol's ghost (amateur HuBe)
  5165 | D:4      | Noticed Dowan
  5191 | D:4      | Found a shimmering blue altar of Sif Muna.
  5199 | D:4      | Got Sif Muna's Elucidation of the Boggart
  5203 | D:4      | Noticed Duvessa
  5208 | D:4      | Your ally Dowan died
  5509 | D:5      | Entered Level 5 of the Dungeon
  5990 | D:6      | Reached XP level 6. HP: 31/41 MP: 6/14
  6263 | D:6      | Reached skill level 6 in Spellcasting
  6461 | D:7      | Noticed a water moccasin
  6486 | D:7      | HP: 2/41 [poisoned by a water moccasin]
  6488 | D:7      | Succumbed to a water moccasin's poison

Illustrated notes

Levels and vault maps discovered:
D:1:      kilobyte_arrival_exit_the_forest, layout_basic,
          hellmonk_ecumenical_altar_lost_god, minmay_quantized
D:2:      layout_loops_ring, serial_bayou, serial_bayou_pond_a,
          serial_bayou_lagoon_a, serial_bayou_pond_c, serial_bayou_pond_c,
          grunt_ministairs_7, chequers_serial_rivers_small_3,
          hangedman_feature_mirror, uniq_robin
D:3:      layout_loops_corners, elyvilon_altar_3
D:4:      layout_basic, nzn_overflow_gifts_of_might_and_magic,
          gammafunk_ghost_cemetery
D:5:      layout_cave_pools, nemelex_spade_bored_becter, serial_shops,
          nicolae_shop_window_shopping, uniq_duvessa
D:6:      layout_rooms, lemuel_doored_altar, lemuel_coloured_pillars_altar,
          mainiacjoe_overflow_24_doors, gammafunk_ghost_necromancy,
          serial_shops, shop_fountains, nicolae_shop_advertising_works
          [nicolae_subvault_shop_adworks], nicolae_shop_statue_plus,
          hangedman_decor_growths, lightli_orcish_oven
D:7:      layout_basic, mainiacjoe_overflow_boulevard,
          minmay_temple_entry_statues, serial_shops, shop_coins, uniq_joseph

Skill      XL: |  1  2  3  4  5  6 |
---------------+-------------------+-----
Stealth        | 2 |  2.0
Spellcasting   | 3 4 5 6 |  6.3
Dodging        | |  1.9
Conjurations   | |  1.2
Fire Magic     | |  2.8

Action                     |  1- 3 |  4- 6 || total
---------------------------+-------+-------++-------
  Melee: Unarmed           |     5 |     6 ||    11
         Spear             |       |     8 ||     8
   Cast: Foxfire           |    78 |   126 ||   204
         Scorch            |     2 |    33 ||    35
  Evoke: Wand              |       |     5 ||     5
    Use: Potion            |     2 |    11 ||    13
         Scroll            |       |    12 ||    12
 Armour: Robe              |    17 |    32 ||    49
  Dodge: Dodged            |    39 |    85 ||   124

Table legend: (Time is in decaauts)
 A = Elapsed time spent in this place.
 B = Non-inter-level travel time spent in this place.
 C = Inter-level travel time spent in this place.
 D = Time resting spent in this place.
 E = Time spent auto-exploring this place.
 F = Levels seen in this place.
 G = Mean time per level.
                   A        B        C        D        E       F      G
               +--------+--------+--------+--------+--------+-----+--------+
         Total |   6521 |   6354 |    167 |   1084 |   4377 |   7 |  931.6 |
       Dungeon |   6521 |   6354 |    167 |   1084 |   4377 |   7 |  931.6 |
               +--------+--------+--------+--------+--------+-----+--------+

Top non-repeatable levels by time:
     D:2: 1911 daAuts
     D:1: 1610 daAuts
     D:3: 1242 daAuts
     D:4: 1229 daAuts
     D:6: 476 daAuts
     D:5: 26 daAuts
     D:7: 23 daAuts
